 Dungeon Crawl Stone Soup version 0.24-a0-441-g27f0392e16 (webtiles) character file.

Game seed: 7644378127390234649

65 theanonym the Slasher (level 3, -8/27 HPs)
             Began as a Mummy Warper on June 20, 2019.
             Killed from afar by Natasha (9 damage)
             ... with a magic dart
             ... on level 3 of the Dungeon.
             The game lasted 00:02:19 (1916 turns).

theanonym the Slasher (Mummy Warper)                Turns: 1916, Time: 00:02:20

Health: -8/27      AC:  6    Str: 15    XL:     3   Next: 92%
Magic:  7/7        EV:  9    Int: 12    God:
Gold:   78         SH:  0    Dex: 11    Spells: 7/7 levels left

rFire    x . .     SeeInvis .   a - +0 falchion
rCold    + . .     Gourm    .   (no shield)
rNeg     + + +     Faith    .   i - +0 scale mail
rPois    ∞         Spirit   .   (no helmet)
rElec    .         Reflect  .   (no cloak)
rCorr    .         Harm     .   (no gloves)
MR       .....                  (no boots)
Stlth    ..........             (no amulet)
HPRegen  0.09/turn              (no ring)
MPRegen  0.10/turn              (no ring)

@: very slightly contaminated
A: no food or potions, fire vulnerability, cold resistance 1, negative energy
resistance 3, torment resistance, unbreathing
a: no special abilities


Innate Abilities, Weirdness & Mutations

You do not eat or drink.
Your flesh is vulnerable to fire.
You are immune to poison.
Your flesh is cold resistant. (rC+)
You are immune to negative energy. (rN+++)
You are immune to unholy pain and torment.
You can survive without breathing.


   Skills:
 - Level 2.0 Fighting
 + Level 3.5 Long Blades
 - Level 0.7 Throwing
 - Level 0.7 Armour
 - Level 1.5 Dodging
 - Level 2.6 Spellcasting
   Level 2.4 Translocations


You had 7 spell levels left.
You didn't know any spells.
Your spell library contained the following spells:

 Spells                   Type           Power        Failure   Level  Hunger
 Blink                    Tloc           N/A          50%         2    N/A
 Shroud of Golubria       Chrm/Tloc      #.....       67%         2    N/A
 Gell's Gravitas          Tloc           #.........   75%         3    N/A
 Lesser Beckoning         Tloc           #.........   75%         3    N/A
 Teleport Other           Tloc           #.......     75%         3    N/A
 Passage of Golubria      Tloc           N/A          98%         4    N/A

Skill      XL: |  1  2 |
---------------+-------+-----
Long Blades    | 2 3 |  3.5
Fighting       | |  2.0
Throwing       | |  0.7
Armour         | |  0.7
Dodging        | |  1.5
Spellcasting   | |  2.6
Translocations | |  2.4

Action                   || total
-------------------------++-------
Melee: Falchion          ||   133
  Use: Scroll            ||     1
Armor: Ring mail         ||    25
       Leather armour    ||     5
       Scale mail        ||    24
Dodge: Dodged            ||    67
       Rpst.: Falchion   ||    20

Inventory:

Hand Weapons
 a - a +0 falchion (weapon)
Missiles
 e - 5 boomerangs of dispersal (quivered)
Armour
 b - a +0 leather armour
 c - a +0 ring mail
 i - a +0 scale mail (worn)
Scrolls
 d - 2 scrolls of remove curse {unknown}
 f - 4 scrolls of identify {unknown}
 g - a scroll of noise {unknown}
 h - a scroll of random uselessness {unknown}
 j - a scroll of fog {unknown}
 k - a scroll of enchant weapon {unknown}
 l - 2 scrolls of teleportation {unknown}
 m - a scroll of immolation {unknown}


You were on level 3 of the Dungeon.
You were not hungry.

You visited 1 branch of the dungeon, and saw 3 of its levels.

You collected 78 gold pieces.

Dungeon Overview and Level Annotations

Branches:
Dungeon (3/15)

Altars:
Elyvilon

Annotations:
D:2 exclusion: gnoll
D:3 Ijyb, Natasha

.......#..g5......
.......#....h.....
.......##........#
.......##........##
..)....#....!.....#
.......#....>.....#
.......#..........#
.......#..........#
.......#........@.#
......## ........##
.....## #......##
###### #######


You could see Natasha.

Notes
Turn   | Place    | Note
-------+----------+-------------------------------------------
     0 | D:1      | theanonym the Mummy Warper began the quest for the Orb.
     0 | D:1      | Reached XP level 1. HP: 16/16 MP: 4/4
    91 | D:1      | HP: 7/16 [hobgoblin/cursed +0 club (2)]
   102 | D:1      | HP: 6/16 [rat (2)]
   104 | D:1      | Reached skill level 2 in Long Blades
   375 | D:1      | Reached XP level 2. HP: 12/22 MP: 5/5
   549 | D:1      | HP: 11/22 [hobgoblin/+0 club (2)]
   551 | D:1      | HP: 2/22 [hobgoblin/+0 club (5)]
  1203 | D:2      | Reached skill level 3 in Long Blades
  1203 | D:2      | Reached XP level 3. HP: 25/27 MP: 7/7
  1406 | D:1      | HP: 11/27 [gnoll (7)]
  1887 | D:3      | Found a white marble altar of Elyvilon.
  1891 | D:3      | Noticed Ijyb
  1893 | D:3      | Noticed Natasha
  1903 | D:3      | Paralysed by Ijyb for 4 turns
  1913 | D:3      | HP: 10/27 [Natasha/magic dart (10)]
  1914 | D:3      | HP: 1/27 [white imp/puff of frost[Natasha] (4)]
  1916 | D:3      | Killed from afar by Natasha

Vanquished Creatures
  A gnoll (D:1)
  An adder (D:2)
  A worm (D:2)
  2 dart slugs (D:2)
  3 orcs
  A giant cockroach (D:1)
  3 goblins
  4 hobgoblins
  4 kobolds
  A quokka (D:2)
  5 bats
  4 frilled lizards
  8 rats
38 creatures vanquished.

Table legend:
 A = Turns spent in this place as a percentage of turns spent in the entire game.
 B = Non-inter-level travel turns spent in this place as a percentage of non-inter-level travel turns spent in the entire game.
 C = Inter-level travel turns spent in this place as a percentage of turns spent in this place.
 D = Turns resting spent in this place as a percentage of non-inter-level travel turns spent in this place.
 E = Turns spent auto-exploring this place as a percentage of non-inter-level travel turns spent in this place.
 F = Non-inter-level travel turns spent in this place divided by the number of levels of this place that you've seen.
                   A       B       C       D       E      F
               +-------+-------+-------+-------+-------+----------------------
         Total | 100.0 | 100.0 |   3.6 |  55.5 |  27.2 | 615.7
       Dungeon | 100.0 | 100.0 |   3.6 |  55.5 |  27.2 | 615.7
               +-------+-------+-------+-------+-------+----------------------
